[Event "Gideon Japhet Cup 2018"]
[Site "Jerusalem"]
[Date "2018.07.05"]
[Round "7"]
[White "Muzychuk, Anna"]
[Black "Meier, Georg"]
[Result "0-1"]
[ECO "C10"]
[WhiteElo "2597"]
[BlackElo "2662"]
[Annotator "ChessBase"]
[PlyCount "122"]
[EventDate "2018.07.02"]
[EventType "tourn"]
[EventCountry "ISR"]
[SourceTitle "playchess.com"]
[Source "ChessBase"]
[SourceQuality "1"]
[TimeControl "1500+10"]

1. e4 e6 2. d4 d5 3. Nc3 dxe4 4. Nxe4 Nd7 5. Nf3 Ngf6 6. Nxf6+ Nxf6 7. Be3 Nd5 8. Bd2 c5 9. Bb5+ Bd7 10. Bxd7+ Qxd7 11. c4 Nb6 12. Rc1 f6 13. dxc5 Bxc5 14. O-O Rc8 15. Qe2 O-O 16. Rfd1 e5 17. Bb4 Qe7 18. Bxc5 Qxc5 19. Nd2 Rfd8 20. h4 Qc6 21. c5 Nd5 22. g3 Ne7 23. Ne4 Nf5 24. h5 Nd4 25. Qe3 Rc7 26. Nd6 Qd5 27. b4 Qxa2 28. Kh2 Qe2 29. Qxe2 Nxe2 30. Ra1 a6 31. h6 Nd4 32. hxg7 Kxg7 33. Kg2 Kg6 34. Rh1 Nf5 35. Nxf5 Kxf5 36. Rh5+ Ke6 37. f4 e4 38. Kf2 Rd3 39. Re1 Rd4 40. g4 Rg7 41. g5 fxg5 42. fxg5 Rxb4 43. Rd1 Rf7+ 44. Ke2 a5 45. Rd6+ Ke7 46. Rdh6 a4 47. Rxh7 Rxh7 48. Rxh7+ Ke6 49. c6 bxc6 50. Rc7 Kf5 51. Rxc6 Kxg5 52. Ke3 Kf5 53. Rc5+ Ke6 54. Ra5 Rc4 55. Kd2 Kd6 56. Ke3 Ke6 57. Ke2 Kd7 58. Kd2 Kc6 59. Rh5 Kb6 60. Re5 a3 61. Re8 Ra4 0-1

[Event "Gideon Japhet Cup 2018"]
[Site "Jerusalem"]
[Date "2018.07.05"]
[Round "8"]
[White "Meier, Georg"]
[Black "Muzychuk, Anna"]
[Result "1-0"]
[ECO "A06"]
[WhiteElo "2662"]
[BlackElo "2597"]
[Annotator "ChessBase"]
[PlyCount "117"]
[EventDate "2018.07.02"]
[EventType "tourn"]
[EventCountry "ISR"]
[SourceTitle "playchess.com"]
[Source "ChessBase"]
[SourceQuality "1"]
[TimeControl "1500+10"]

1. Nf3 d5 2. g3 g6 3. Bg2 Bg7 4. d4 Nf6 5. c4 c6 6. Qb3 O-O 7. O-O Qb6 8. Nc3 Rd8 9. Bd2 Be6 10. Na4 Qxb3 11. axb3 Nbd7 12. Rfc1 Rac8 13. Ba5 b6 14. Be1 Ne4 15. cxd5 Bxd5 16. b4 e5 17. dxe5 Nxe5 18. Nxe5 Bxe5 19. Bxe4 Bxe4 20. Nc3 Bxc3 21. Rxc3 Rd7 22. f3 Bd5 23. g4 f5 24. gxf5 gxf5 25. Bg3 Re8 26. Kf2 Rde7 27. e3 Rd7 28. Bf4 Ree7 29. h4 Be6 30. Rxc6 Rd2+ 31. Kg3 Bd7 32. Rf6 Rg7+ 33. Bg5 Be8 34. Rc1 Rf7 35. Rc8 Rxf6 36. Bxf6 Kf7 37. Bd4 a5 38. Rc7+ Ke6 39. Rb7 axb4 40. Rxb6+ Kf7 41. Rf6+ Ke7 42. Rxf5 b3 43. Rg5 Bg6 44. h5 Bc2 45. Kf4 Bd1 46. Rg1 Ke6 47. Bc3 Rd8 48. Bg7 Rd2 49. e4 Rd3 50. Rf1 Be2 51. Rf2 Bd1 52. Bf8 Kf7 53. Bc5 Ke6 54. h6 Kf6 55. Be3 Ke6 56. Rd2 Rxd2 57. Bxd2 Kf6 58. Bc3+ Kg6 59. Bg7 1-0

[Event "Gideon Japhet Cup 2018"]
[Site "Jerusalem"]
[Date "2018.07.06"]
[Round "9"]
[White "Gelfand, Boris"]
[Black "Muzychuk, Anna"]
[Result "1/2-1/2"]
[ECO "A81"]
[WhiteElo "2674"]
[BlackElo "2597"]
[Annotator "ChessBase"]
[PlyCount "112"]
[EventDate "2018.07.02"]
[EventType "tourn"]
[EventCountry "ISR"]
[SourceTitle "playchess.com"]
[Source "ChessBase"]
[SourceQuality "1"]
[TimeControl "1500+10"]

1. d4 f5 2. g3 Nf6 3. Bg2 g6 4. Nf3 Bg7 5. O-O O-O 6. Nbd2 d6 7. Re1 Nc6 8. e4 fxe4 9. Nxe4 Nxe4 10. Rxe4 Bf5 11. Re1 Qd7 12. c3 Kh8 13. Qb3 Na5 14. Qb4 b6 15. d5 c6 16. Qh4 Bf6 17. Bg5 cxd5 18. Bxf6+ Rxf6 19. Ng5 h5 20. Bxd5 Raf8 21. Ne4 Bxe4 22. Qxe4 Qf5 23. Qxf5 Rxf5 24. Rad1 b5 25. f4 e5 26. Be4 R5f6 27. fxe5 dxe5 28. b3 Rf2 29. Rf1 Rxf1+ 30. Rxf1 Rc8 31. Bxg6 Rxc3 32. Bxh5 Nc6 33. Bg6 Nd4 34. Be4 Re3 35. Bd5 Re2 36. Rf2 Re1+ 37. Kg2 a5 38. h4 Kg7 39. Kh3 e4 40. Rf7+ Kh6 41. Rf4 e3 42. Rxd4 e2 43. Bf3 Rh1+ 44. Bxh1 e1=Q 45. Rd6+ Kg7 46. Bg2 Qe2 47. Rd5 a4 48. bxa4 bxa4 49. Rg5+ Kf6 50. Bd5 Qf1+ 51. Bg2 Qe2 52. Bd5 Qf1+ 53. Kg4 Qd1+ 54. Kf4 Qd4+ 55. Kf3 Qd3+ 56. Kf4 Qd4+ {[%emt 0:00:01] Ke4 Ke5+} 1/2-1/2

[Event "Gideon Japhet Cup 2018"]
[Site "Jerusalem"]
[Date "2018.07.06"]
[Round "10"]
[White "Muzychuk, Anna"]
[Black "Gelfand, Boris"]
[Result "1/2-1/2"]
[ECO "B33"]
[WhiteElo "2597"]
[BlackElo "2674"]
[Annotator "ChessBase"]
[PlyCount "43"]
[EventDate "2018.07.02"]
[EventType "tourn"]
[EventCountry "ISR"]
[SourceTitle "playchess.com"]
[Source "ChessBase"]
[SourceQuality "1"]
[TimeControl "1500+10"]

1. e4 c5 2. Nf3 Nc6 3. d4 cxd4 4. Nxd4 Nf6 5. Nc3 e5 6. Ndb5 d6 7. Bg5 a6 8. Na3 b5 9. Nd5 Be7 10. Bxf6 Bxf6 11. c4 b4 12. Nc2 O-O 13. g3 Be6 14. Bg2 Bg5 15. O-O a5 16. Qd3 Bxd5 17. cxd5 Nb8 18. a3 Na6 19. axb4 Nxb4 20. Nxb4 axb4 21. Qc4 b3 22. Qxb3 1/2-1/2